 Dungeon Crawl Stone Soup version 0.32-a0-120-gfac0567ad4 (webtiles) character file.

Game seed: 17053986767832074592

45553 Sobieck the Arsonist (level 14, 0/136 HPs)
             Began as an Oni Conjurer on Feb 6, 2024.
             Was a High Priest of Vehumet.
             Slain by a yak (3 damage)
             ... on level 5 of the Lair of Beasts.
             The game lasted 00:43:20 (17550 turns).

Sobieck the Arsonist (Oni Conjurer)                Turns: 17550, Time: 00:43:20

Health: 0/136      AC:  8    Str: 14    XL:     14   Next: 33%
Magic:  21/28      EV:  9    Int: 23    God:    Vehumet [*****.]
Gold:   1033       SH:  0    Dex:  7    Spells: 12/33 levels left

rFire   + . .        c - staff of cold
rCold   + + .        (no shield)
rNeg    . . .        E - +1 robe {rF+}
rPois   .            G - +1 hat
rElec   +            e - +2 cloak
rCorr   +            (gloves unavailable)
SInv    .            (boots unavailable)
Will    +....        D - amulet of magic regeneration
Stlth   ++           l - ring of resist corrosion
HPRegen 0.42/turn    n - ring "Casuvu" {rElec rC+}
MPRegen 0.61/turn

%: no passive effects
@: no status effects
A: large, unfitting armour, horns 1, tough skin 1, double potion healing,
drunken brawling
a: Renounce Religion


You were on level 5 of the Lair of Beasts.
You worshipped Vehumet.
Vehumet was extremely pleased with you.
You visited 3 branches of the dungeon, and saw 16 of its levels.

You collected 1139 gold pieces.
You spent 106 gold pieces at shops.

Inventory:

Armour
 a - a +0 robe
 e - a +2 cloak (worn)
 q - a +0 troll leather armour
 w - an orb of light
 y - a scarf of invisibility
 B - a +0 kite shield
 E - a +1 robe of fire resistance (worn)
 G - a +1 hat (worn)
 O - the +1 cloak of the Pirate {Will+ Regen+ Int-4 Dex+6}
   (You found it on level 1 of the Lair of Beasts)

   Int-4:     It affects your intelligence (-4).
   Dex+6:     It affects your dexterity (+6).
   Will+:     It increases your willpower.
   Regen+:    It increases your rate of health regeneration.
Magical Staves
 c - a staff of cold (weapon)
Jewellery
 b - an amulet of regeneration
 j - an amulet of guardian spirit
 l - a ring of resist corrosion (left hand)
 n - the ring "Casuvu" (right hand) {rElec rC+}
   (You acquired it on level 6 of the Dungeon)

   [ring of protection from cold]

   rC+:       It protects you from cold.
   rElec:     It insulates you from electricity.
 A - a ring of poison resistance
 C - a ring of flight
 D - an amulet of magic regeneration (around neck)
 S - an amulet of faith
 U - an amulet of reflection
Wands
 p - a wand of iceblast (19)
 r - a wand of digging (3)
 K - a wand of flame (24)
 T - a wand of charming (9)
Scrolls
 d - 9 scrolls of teleportation
 f - 3 scrolls of blinking
 h - 4 scrolls of revelation
 m - 3 scrolls of fear
 u - 2 scrolls of enchant armour
 x - a scroll of brand weapon
 I - a scroll of enchant weapon
 J - 3 scrolls of vulnerability
 L - 3 scrolls of amnesia
 N - a scroll of immolation
 R - a scroll of identify
Potions
 g - 2 potions of brilliance
 i - 2 potions of might
 k - 2 potions of haste
 o - 3 potions of curing
 s - a potion of cancellation
 t - 2 potions of mutation
 v - 3 potions of attraction
 z - 5 potions of heal wounds
 F - 2 potions of resistance
 H - a potion of ambrosia
 M - 2 potions of lignification
Miscellaneous
 P - a lightning rod (4/4)
 Q - a phantom mirror


   Skills:
 - Level 8.0 Fighting
 - Level 1.7 Dodging
 - Level 4.0 Stealth
 - Level 10.0 Spellcasting
 - Level 7.0 Conjurations
 - Level 4.0 Translocations
 + Level 13.5 Fire Magic
 - Level 9.0 Air Magic
 - Level 7.0 Alchemy


You had 12 spell levels left.
You knew the following spells:

 Your Spells              Type           Power      Damage    Failure   Level
a - Plasma Beam           Fire/Air       29%        2x1d42    2%          6
b - Searing Ray           Conj           86%        2d7       1%          2
c - Fulminant Prism       Conj/Alch      21%        3d12      1%          4
d - Iskenderun's Mystic   Conj/Tloc      36%        2d9       1%          4
e - Irradiate             Conj/Alch      21%        3d18      2%          5

Your spell library contained the following spells:

 Spells                   Type           Power      Damage    Failure   Level
 Iskenderun's Battlesphe  Conj           43%        2d9       2%          5
 Foxfire                  Conj/Fire      100%       2x1d9     1%          1
 Magic Dart               Conj           100%       1d8       1%          1
 Blink                    Tloc           58%        N/A       1%          2
 Lesser Beckoning         Tloc           58%        N/A       1%          2
 Momentum Strike          Conj/Tloc      72%        3d10      1%          2
 Inner Flame              Hex/Fire       42%        N/A       1%          3
 Stone Arrow              Conj/Erth      54%        3d10      1%          3
 Starburst                Conj/Fire      28%        6d9       3%          6
 Call Imp                 Summ           22%        N/A       9%          2
 Passage of Golubria      Tloc           29%        N/A       11%         4
 Yara's Violent Unravell  Hex/Alch       13%        3d7       11%         5
 Ozocubu's Armour         Ice            17%        N/A       17%         3
 Tukima's Dance           Hex            11%        N/A       17%         3
 Ignition                 Fire           32%        3d10      34%         8
 Animate Armour           Summ/Erth      22%        N/A       50%         4
 Metabolic Englaciation   Hex/Ice        8%         N/A       83%         5
 Sculpt Simulacrum        Ice/Alch       20%        N/A       90%         6
 Lehudib's Crystal Spear  Conj/Erth      13%        10d5      100%        8


Dungeon Overview and Level Annotations

Branches:
Dungeon (10/15)            Temple (1/1) D:6            Lair (5/5) D:10
 Shoals (0/4) Lair:2        Snake (0/4) Lair:2          Orc (0/2) D:9
  Slime: Lair:4-5

Altars:
Ashenzari
Cheibriados
Dithmenos
Elyvilon
Fedhas
Gozag
Hepliaklqana
Kikubaaqudgha
Makhleb
Nemelex Xobeh
Okawaru
Qazlal
Ru
Sif Muna
Trog
Uskayaw
Vehumet
Wu Jian
Xom
Yredelemnul
Zin
The Shining One

Shops:
D:5 *   D:6 (   D:7 [

Annotations:
D:3 2 transporters, Ijyb; zenocrate's ghost, amateur OpDe
D:7 1 runed translucent door
D:8 2 runed translucent doors, zenocrate's ghost, novice KoDe


Innate Abilities, Weirdness & Mutations

You are too large for most types of armour.
You have a pair of small horns on your head.
You have tough skin. (AC +1)
You gain doubled healing and magic from potions.
Whenever you drink a healing potion, you attack all around you.


Message History

A black mamba comes into view.
The basilisk gazes at you. You resist with almost no effort.
The wyvern bites you but does no damage.
The black mamba completely misses the plant.
The yak gores you!
* * * LOW HITPOINT WARNING * * *
The wyvern bites you!
* * * LOW HITPOINT WARNING * * *
The basilisk gazes at you. The yak gores you.
* * * LOW HITPOINT WARNING * * *
The wyvern bites you!
* * * LOW HITPOINT WARNING * * *
The yak gores you!
* * * LOW HITPOINT WARNING * * *
The basilisk bites you!
* * * LOW HITPOINT WARNING * * *
The wyvern bites you!
* * * LOW HITPOINT WARNING * * *
The yak gores you!
* * * LOW HITPOINT WARNING * * *
The black mamba hisses angrily.
The yak gores you!
* * * LOW HITPOINT WARNING * * *
The wyvern bites you but does no damage.
The basilisk bites you.
* * * LOW HITPOINT WARNING * * *
The yak gores you!
* * * LOW HITPOINT WARNING * * *
The wyvern bites you but does no damage.
The yak gores you!
* * * LOW HITPOINT WARNING * * *
The basilisk bites you. The wyvern bites you.
* * * LOW HITPOINT WARNING * * *
A yak comes into view. x2
The yak gores you!
* * * LOW HITPOINT WARNING * * *
The yak bellows! x2; You hear a bellow! x2
The yak gores you.
* * * LOW HITPOINT WARNING * * *
The yak completely misses you. The wyvern bites you!
* * * LOW HITPOINT WARNING * * *
The basilisk gazes at you. You resist with almost no effort.
The yak gores you but does no damage.
You turn to flesh and can move again.
The wyvern attacks as it pursues you! The wyvern bites you.
* * * LOW HITPOINT WARNING * * *
The yak attacks as it pursues you! The yak gores you.
You die...

Y..........#.........##
.Y.........P..........#
......................#
#Y....................##
#........Y............P#
#........Y............##
###...P##P...FYlY.....## ##
.##....##P.PPS.........##.######
...F...##......k@#P............#
...............Y...............#
.......P....#.......P..........##
..............)..................
.................................
.......#...#.##P................#
^..........#####....#............
.....###....# #....##...........
#P#.. #...### #....#P.P.......##


You could see a black mamba, 5 yaks, a cane toad, a basilisk and a wyvern.

Vanquished Creatures
  A catoblepas (Lair:4)
  A boulder beetle (Lair:3)
  4 two-headed ogres
  Urug (Lair:3)
  Amaemon (Lair:1)
  3 harpies (Lair:2)
  A manticore (D:7)
  3 black mambas
  8 cane toads
  An orange demon (Lair:1)
  3 rime drakes
  Psyche (D:8)
  8 komodo dragons
  2 hornets (D:9)
  3 polar bears
  2 trolls
  15 dream sheep
  18 blink frogs
  Grinder (D:3)
  A shadow (D:7)
  Eustachio (D:5)
  A wraith (D:7)
  22 yaks
  3 basilisks
  A steam dragon (D:9)
  2 nagas (Lair:2)
  An acid dragon (D:7)
  11 water moccasins
  A black bear (D:5)
  2 orc warriors
  11 wolves
  3 ogres
  A centaur (D:9)
  A phantom (D:5)
  Blork the orc (D:4)
  3 scorpions
  9 bullfrogs
  A gnoll sergeant (D:8)
  7 wights
  14 killer bees
  4 howler monkeys (D:9)
  Crazy Yiuf (D:3)
  3 hounds
  4 bombardier beetles
  4 orc priests
  4 gnoll boudas
  A jelly (D:5)
  A sleepcap (D:7)
  Jessica (D:3)
  An iguana (D:3)
  7 orc wizards
  4 hell rats (Lair:1)
  24 gnolls
  12 adders
  2 shadow imps (D:6)
  A white imp (D:7)
  2 ufetubi (D:6)
  4 dart slugs
  A ribbon worm (D:3)
  32 orcs
  10 bats
  7 endoplasms
  4 giant cockroaches
  7 goblins
  5 hobgoblins
  4 jackals
  2 quokkas
  6 ball pythons
  2 frilled lizards
  3 kobolds
  4 rats
341 creatures vanquished.

Vanquished Creatures (others)
  205 fulminant prisms
205 creatures vanquished.

Grand Total: 546 creatures vanquished

Notes
Turn   | Place    | Note
-------+----------+-------------------------------------------
     0 | D:1      | Sobieck the Oni Conjurer began the quest for the Orb.
     0 | D:1      | Reached XP level 1. HP: 16/16 MP: 3/3
   153 | D:1      | Reached XP level 2. HP: 26/26 MP: 1/5
   334 | D:1      | Learned a level 2 spell: Searing Ray
   638 | D:1      | Reached XP level 3. HP: 32/32 MP: 4/7
   787 | D:1      | Reached skill level 1 in Alchemy
   801 | D:1      | Reached skill level 1 in Fighting
   802 | D:1      | Reached skill level 3 in Spellcasting
  1480 | D:2      | Reached XP level 4. HP: 41/41 MP: 5/8
  1734 | D:2      | Found a hide-covered altar of Uskayaw.
  2104 | D:3      | Noticed Jessica
  2108 | D:3      | Killed Jessica
  2163 | D:3      | Found a bloodstained altar of Trog.
  2256 | D:3      | Reached XP level 5. HP: 49/49 MP: 5/10
  2426 | D:3      | Found a runed translucent door.
  2427 | D:3      | Noticed Crazy Yiuf
  2681 | D:3      | Noticed Ijyb
  2684 | D:3      | Noticed Grinder
  2898 | D:4      | Found a basalt altar of Yredelemnul.
  3054 | D:4      | Noticed Blork the orc
  3258 | D:4      | Killed Blork the orc
  3259 | D:4      | Reached XP level 6. HP: 37/59 MP: 1/12
  3791 | D:3      | Found a transporter.
  3814 | D:3      | Noticed zenocrate's ghost (amateur OpDe)
  3814 | D:3      | Identified the +0 dire flail "Jeischix" {freeze, Will++
                  | Str+4 Stlth-}
  3815 | D:3      | Found a transporter.
  4000 | D:3      | Killed Crazy Yiuf
  4081 | D:3      | Killed Grinder
  4082 | D:3      | Reached skill level 3 in Fighting
  4082 | D:3      | Reached skill level 3 in Alchemy
  4082 | D:3      | Reached XP level 7. HP: 45/67 MP: 5/13
  4245 | D:4      | You fall into a shaft and drop 1 floor!
  4245 | D:5      | Entered Level 5 of the Dungeon
  4331 | D:5      | Learned a level 4 spell: Fulminant Prism
  4817 | D:5      | Reached XP level 8. HP: 21/78 MP: 1/16
  5038 | D:5      | Noticed Eustachio
  5315 | D:4      | Reached skill level 3 in Stealth
  5865 | D:5      | Found Ereran's Assorted Antiques.
  5882 | D:5      | Reached skill level 6 in Spellcasting
  5882 | D:5      | Reached skill level 6 in Conjurations
  6042 | D:5      | Bought a purple potion for 25 gold pieces
  6042 | D:5      | Bought a blue potion for 25 gold pieces
  6042 | D:5      | Bought a scroll of identify for 56 gold pieces
  6181 | D:5      | Found a shadowy altar of Dithmenos.
  6191 | D:5      | Killed Eustachio
  6434 | D:5      | Reached XP level 9. HP: 72/88 MP: 5/18
  6838 | D:6      | Found Suruen's Weapon Boutique.
  7082 | D:6      | Found a staircase to the Ecumenical Temple.
  7298 | Temple   | Entered the Ecumenical Temple
  7309 | Temple   | Became a worshipper of Vehumet
  7395 | D:6      | Learned a level 4 spell: Iskenderun's Mystic Blast
  7582 | D:6      | Found a blossoming altar of Fedhas.
  8487 | D:7      | Noticed a komodo dragon
  8493 | D:7      | Killed a komodo dragon
  8494 | D:7      | Reached skill level 6 in Fighting
  8494 | D:7      | Reached skill level 6 in Alchemy
  8678 | D:7      | Noticed a troll
  8687 | D:7      | Noticed a manticore
  8828 | D:7      | Found Sunomn's Armour Shop.
  9144 | D:7      | Reached XP level 10. HP: 100/100 MP: 14/22
  9275 | D:7      | Found a runed translucent door.
  9276 | D:7      | Found a runed translucent door.
  9316 | D:7      | Found a shimmering blue altar of Sif Muna.
  9336 | D:6      | Identified a scroll of acquirement
  9336 | D:6      | Acquired the ring "Casuvu" {rElec rC+}
  9513 | D:7      | Killed a manticore
  9778 | D:8      | Reached * piety under Vehumet
  9778 | D:8      | Offered knowledge of Sting by Vehumet.
  9849 | D:8      | Noticed a two-headed ogre
  9861 | D:8      | Reached skill level 1 in Fire Magic
  9861 | D:8      | Reached skill level 1 in Air Magic
  9863 | D:8      | Killed a two-headed ogre
  9864 | D:8      | Reached skill level 2 in Fire Magic
  9927 | D:8      | Noticed Psyche
  9941 | D:8      | Killed Psyche
 10385 | D:8      | Found a large runed translucent door.
 10386 | D:8      | Found a large runed translucent door.
 10387 | D:8      | Noticed zenocrate's ghost (novice KoDe)
 10407 | D:8      | Found an ornate altar of the Wu Jian Council.
 10407 | D:8      | Found a broken altar of Ashenzari.
 10542 | D:9      | Reached skill level 3 in Fire Magic
 10544 | D:9      | Reached ** piety under Vehumet
 10544 | D:9      | Offered knowledge of Scorch by Vehumet.
 10545 | D:9      | Reached skill level 9 in Spellcasting
 10545 | D:9      | Reached skill level 3 in Air Magic
 10617 | D:9      | Reached skill level 1 in Translocations
 10629 | D:9      | Reached XP level 11. HP: 105/111 MP: 17/24
 10653 | D:9      | Found a staircase to the Orcish Mines.
 10733 | D:9      | Noticed a two-headed ogre
 10749 | D:9      | Killed a two-headed ogre
 10750 | D:9      | Reached skill level 4 in Fire Magic
 11083 | D:9      | Paralysed by a hornet for 2 turns
 11313 | D:9      | Noticed a two-headed ogre
 11325 | D:9      | Killed a two-headed ogre
 11326 | D:9      | Reached skill level 3 in Translocations
 11543 | D:9      | Noticed a two-headed ogre
 11553 | D:9      | Killed a two-headed ogre
 11674 | D:9      | Found a hazy altar of Hepliaklqana.
 11677 | D:9      | Found a white marble altar of Elyvilon.
 11726 | D:10     | Entered Level 10 of the Dungeon
 11742 | D:10     | Offered knowledge of Mercury Vapours by Vehumet.
 11884 | D:10     | Found a glowing golden altar of the Shining One.
 11912 | D:10     | Found an iron altar of Okawaru.
 11912 | D:10     | Found a stormy altar of Qazlal.
 11930 | D:10     | Reached skill level 5 in Fire Magic
 12136 | D:10     | Found a staircase to the Lair.
 12677 | Lair:1   | Entered Level 1 of the Lair of Beasts
 12887 | Lair:1   | Noticed a boulder beetle
 12946 | Lair:1   | Reached *** piety under Vehumet
 13025 | D:10     | Reached skill level 6 in Fire Magic
 13025 | D:10     | Reached skill level 6 in Air Magic
 13484 | Lair:1   | Reached XP level 12. HP: 116/119 MP: 15/26
 13579 | Lair:1   | Identified the +1 cloak of the Pirate {Will+ Regen+ Int-4
                  | Dex+6}
 13971 | Lair:1   | Found a glowing silver altar of Zin.
 14028 | Lair:1   | Noticed Amaemon
 14046 | Lair:1   | Killed Amaemon
 14047 | Lair:1   | Reached skill level 7 in Fire Magic
 14219 | Lair:1   | Learned a level 6 spell: Plasma Beam
 14484 | Lair:2   | Offered knowledge of Frozen Ramparts by Vehumet.
 14833 | Lair:2   | Found a staircase to the Snake Pit.
 14887 | Lair:2   | Reached skill level 8 in Fire Magic
 14952 | Lair:2   | Learned a level 5 spell: Irradiate
 15152 | Lair:2   | Found a staircase to the Shoals.
 15534 | Lair:3   | Reached **** piety under Vehumet
 15569 | Lair:3   | Noticed a boulder beetle
 15574 | Lair:3   | Killed a boulder beetle
 15770 | Lair:3   | Reached skill level 9 in Fire Magic
 15770 | Lair:3   | Reached skill level 9 in Air Magic
 15783 | Lair:3   | Reached skill level 11 in Fire Magic
 15783 | Lair:3   | Reached XP level 13. HP: 122/127 MP: 22/27
 15942 | Lair:3   | Offered knowledge of Sticky Flame by Vehumet.
 16212 | Lair:3   | Noticed Urug
 16218 | Lair:3   | Killed Urug
 16582 | Lair:4   | Reached XP level 14. HP: 136/136 MP: 21/28
 16616 | Lair:4   | Reached skill level 12 in Fire Magic
 17073 | Lair:4   | Reached ***** piety under Vehumet
 17074 | Lair:4   | Offered knowledge of Iskenderun's Battlesphere by Vehumet.
 17075 | Lair:4   | Reached skill level 13 in Fire Magic
 17316 | Lair:5   | Entered Level 5 of the Lair of Beasts
 17549 | Lair:5   | HP: 5/136 [wyvern (6)]
 17550 | Lair:5   | Slain by a yak

Illustrated notes

Levels and vault maps discovered:
D:1:      noname_arrival_rooms_in_the_neighbourhood, layout_loops_ring,
          hangedman_decor_peaks_small, supply_closet_lemuel, minivault_27,
          st_stairs_13, chequers_serial_rivers_micro_d
D:2:      layout_rooms, basic_altar, serial_bayou_pond_b
D:3:      layout_loops_corners, mainiacjoe_overflow_alcove_4,
          gammafunk_ghost_smash, uniq_crazy_yiuf_cottage, uniq_ijyb,
          uniq_grinder, uniq_jessica
D:4:      layout_rooms, old_standard_altar, nicolae_tricolors,
          uniq_blork_the_orc
D:5:      layout_rooms, nicolae_dithmenos_through_a_glass_darkly, serial_shops,
          nicolae_shop_overgrown_old_shop,
          nicolae_concentric_dashed_squares_mild, uniq_eustachio
D:6:      layout_loops_ring, mainiacjoe_overflow_paths,
          minmay_temple_entry_purple_smoke, serial_shops,
          nicolae_shop_tiny_waterfront, chequers_serial_rivers_marsh,
          patterned_corridor
D:7:      minmay_the_grid_four_pointed_star
          [minmay_the_grid_triangle_9x9_tough_junction,
          minmay_the_grid_triangle_9x9_descending_squares,
          minmay_the_grid_triangle_9x9_empty,
          minmay_the_grid_triangle_9x9_shrine, minmay_the_grid_prize_big_room],
          layout_basic, mainiacjoe_overflow_chevrons, serial_shops, shop,
          nicolae_the_louvre
D:8:      layout_cave_pools, gammafunk_temple_overflow_elements,
          ebering_ghost_disaster_area, uniq_psyche
D:9:      layout_grid_maze, jmf_multi_god_temple2, orc_0_dummy,
          nicolae_houndstooth_variations
D:10:     nicolae_cairo_tiling_very_big, layout_gridville,
          grunt_temple_overflow_open
Temple:   hellmonk_temple_flake
Lair:1:   layout_chaotic_city, basic_altar, uniq_amaemon
Lair:2:   layout_hall_layers, nicolae_shoals_entry_roost,
          guppyfry_snake_entry_garden, enter_volcano_4
Lair:3:   layout_cellular_growth, uniq_urug
Lair:4:   layout_roguey
Lair:5:   hellmonk_lair_end_abyssal_woods, layout_gridlike, slime_entry_1,
          dpeg_oklob_1

Skill      XL: |  1  2  3  4  5  6  7  8  9 10 11 12 13 14 |
---------------+-------------------------------------------+-----
Alchemy        | 1 2 3 4 6 7 |  7.0
Fighting       | 1 2 3 5 6 8 |  8.0
Spellcasting   | 3 4 5 6 8 9 10 | 10.0
Conjurations   | 4 5 6 7 |  7.0
Stealth        | 2 3 4 |  4.0
Fire Magic     | 3 6 11 13 | 13.5
Air Magic      | 3 6 9 |  9.0
Translocations | 1 4 |  4.0
Dodging        | |  1.7

Action                     |  1- 3 |  4- 6 |  7- 9 | 10-12 | 13-15 || total
---------------------------+-------+-------+-------+-------+-------++-------
  Melee: Staff             |     1 |       |    10 |     5 |       ||    16
  Throw: Throwing net      |       |       |       |     2 |       ||     2
   Cast: Magic Dart        |    58 |    65 |   102 |     1 |       ||   226
         Searing Ray       |     3 |    17 |    48 |     2 |       ||    70
         Fulminant Prism   |       |       |    38 |   164 |     3 ||   205
         Iskenderun's Myst |       |       |     2 |    58 |     5 ||    65
         Plasma Beam       |       |       |       |    21 |    55 ||    76
         Irradiate         |       |       |       |     1 |     2 ||     3
    Use: Scroll            |       |     7 |     3 |    18 |       ||    28
         Potion            |       |       |     1 |     2 |     1 ||     4
 Armour: Robe              |     7 |    25 |   121 |    98 |    46 ||   297
  Dodge: Dodged            |    11 |    19 |    51 |    39 |     4 ||   124

Table legend: (Time is in decaauts)
 A = Elapsed time spent in this place.
 B = Non-inter-level travel time spent in this place.
 C = Inter-level travel time spent in this place.
 D = Time resting spent in this place.
 E = Time spent auto-exploring this place.
 F = Levels seen in this place.
 G = Mean time per level.
                   A        B        C        D        E       F      G
               +--------+--------+--------+--------+--------+-----+--------+
         Total |  17583 |  16973 |    610 |   3993 |   9536 |  16 | 1098.9 |
       Dungeon |  13112 |  12729 |    383 |   3146 |   7354 |  10 | 1311.2 |
        Temple |     22 |     11 |     11 |      0 |      0 |   1 |   22.0 |
          Lair |   4447 |   4231 |    216 |    847 |   2182 |   5 |  889.4 |
               +--------+--------+--------+--------+--------+-----+--------+

Top non-repeatable levels by time:
     D:3: 1791 daAuts
     D:7: 1683 daAuts
     D:6: 1475 daAuts
     D:5: 1451 daAuts
  Lair:1: 1399 daAuts
    D:10: 1392 daAuts
     D:4: 1304 daAuts
     D:9: 1240 daAuts
  Lair:3: 1107 daAuts
     D:1: 1078 daAuts
     D:2: 980 daAuts
  Lair:2: 931 daAuts
  Lair:4: 851 daAuts
     D:8: 713 daAuts
  Lair:5: 157 daAuts
